 Dungeon Crawl Stone Soup version 0.29-a0-221-gceb61267dd (webtiles) character file.

Game seed: 2706133742673918283

32 Inarius the Skirmisher (level 3, -3/29 HPs)
             Began as a Demonspawn Fighter on Feb 26, 2022.
             Slain by Sigmund
             ... wielding a +0 scythe
              (9 damage)
             ... on level 2 of the Dungeon.
             The game lasted 00:01:07 (980 turns).

Inarius the Skirmisher (Demonspawn Fighter)          Turns: 980, Time: 00:01:08

Health: -3/29      AC:  6    Str: 18    XL:     3   Next: 8%
Magic:  3/3        EV:  9    Int:  9    God:
Gold:   64         SH:  4    Dex: 12    Spells: 2/2 levels left

rFire   . . .      SeeInvis .   a - +0 war axe
rCold   . . .      Faith    .   c - +0 buckler
rNeg    . . .      Spirit   .   b - +0 scale mail
rPois   .          Reflect  .   (no helmet)
rElec   .          Harm     .   (no cloak)
rCorr   .          Rampage  .   (no gloves)
Will    .....                   (no boots)
Stlth   ..........              (no amulet)
HPRegen 0.09/turn               (no ring)
MPRegen 0.08/turn               (no ring)

@: mighty
A: foul stench 1
a: no special abilities


You were on level 2 of the Dungeon.
You visited 1 branch of the dungeon, and saw 2 of its levels.

You collected 64 gold pieces.

Inventory:

Hand Weapons
 a - a +0 war axe (weapon)
Missiles
 j - a throwing net (quivered)
Armour
 b - a +0 scale mail (worn)
 c - a +0 buckler (worn)
 k - a +0 plate armour
Scrolls
 e - 2 scrolls of fog {unknown}
 f - a scroll of fear {unknown}
 g - 2 scrolls of identify {unknown}
 h - a scroll of teleportation {unknown}
 n - a scroll of magic mapping {unknown}
Potions
 i - a potion of heal wounds {unknown}
 l - a potion of curing {unknown}


   Skills:
 + Level 3.2 Fighting
 * Level 2.4 Axes
 + Level 3.0 Armour
 + Level 2.9 Shields


You had 2 spell levels left.
You didn't know any spells.
Your spell library was empty.

Dungeon Overview and Level Annotations

Branches:
Dungeon (2/15)

Altars:

Annotations:
D:2 Sigmund


Innate Abilities, Weirdness & Mutations

You may rarely emit foul miasma when damaged in melee.


Message History

No target in view!
No target in view!
HP restored.
A quokka comes into view.
A quokka is nearby!
A quokka is nearby!
A quokka is nearby!
You barely miss the quokka. You block the quokka's attack.
The quokka barely misses you.
You slash the quokka!
You kill the quokka!
No target in view!
No target in view!
No target in view!
No target in view!
No target in view!
No target in view!
You now have 64 gold pieces (gained 13).
g - 2 scrolls labelled GIBYTRISUA (gained 1) Sigmund the Dreaded comes into view.
He is wielding a +0 scythe and carrying a wand of polymorph (11).
Sigmund shouts!
Sigmund is nearby!
Sigmund is nearby!
Sigmund gestures at you while chanting. The puff of flame hits you!
Sigmund zaps a wand.
You resist with significant effort.
Sigmund drinks a potion.
Sigmund seems to speed up.
Sigmund zaps a wand.
You resist with significant effort. Sigmund casts a spell at you.
You are confused.
Sigmund zaps a wand.
You resist with significant effort. Sigmund casts a spell at you.
The magic dart hits you.
It was a potion of magic.
Magic courses through your body.
You feel less confused.
Sigmund hits you from afar with a +0 scythe!
* * * LOW HITPOINT WARNING * * *
You feel very mighty all of a sudden.
Sigmund hits you from afar with a +0 scythe!
You die...

........# #.# #.# ##..###
######..# #.#####.#
....... #..#
#.....†.######....... #..#
#.................... #..#
#....................
#..####.........@.........
#..#........@######.......
#............###########+#
#######.#.#.....@........
..........+......########
........#.#......#
######..#.##.....#
#..#.##.....#
#..#.##.....##........
#..#.#####.###........
#..#.##....# #........
#..#.##....# #........


You could see Sigmund (fast).

Vanquished Creatures
  A dart slug (D:1)
  An endoplasm (D:2)
  2 goblins (D:1)
  2 hobgoblins (D:1)
  5 quokkas
  6 ball pythons (D:1)
  A bat (D:1)
  4 frilled lizards (D:1)
  5 kobolds
  2 rats (D:1)
29 creatures vanquished.

Notes
Turn   | Place    | Note
-------+----------+-------------------------------------------
     0 | D:1      | Inarius the Demonspawn Fighter began the quest for the Orb.
     0 | D:1      | Reached XP level 1. HP: 18/18 MP: 1/1
   233 | D:1      | Gained mutation: You may rarely emit foul miasma when
                  | damaged in melee. [demonic ancestry]
   233 | D:1      | Reached XP level 2. HP: 24/24 MP: 2/2
   507 | D:1      | Found a faded altar of an unknown god.
   806 | D:2      | Reached XP level 3. HP: 29/29 MP: 3/3
   965 | D:2      | Noticed Sigmund
   980 | D:2      | Slain by Sigmund

Illustrated notes

Levels and vault maps discovered:
D:1:      minmay_arrival_four_houses, layout_rooms,
          hellmonk_ecumenical_altar_zigzags, kennysheep_nondescript,
          minivault_23
D:2:      layout_basic, basic_altar, uniq_sigmund

Skill      XL: |  1  2 |
---------------+-------+-----
Axes           | 2 |  2.4
Armour         | 3 |  3.0
Fighting       | |  3.2
Shields        | |  2.9

Action                   || total
-------------------------++-------
Melee: War axe           ||    59
  Use: Potion            ||     2
Armor: Scale mail        ||    24
Dodge: Dodged            ||    34
Block: Buckler           ||    10

Table legend: (Time is in decaauts)
 A = Elapsed time spent in this place.
 B = Non-inter-level travel time spent in this place.
 C = Inter-level travel time spent in this place.
 D = Time resting spent in this place.
 E = Time spent auto-exploring this place.
 F = Levels seen in this place.
 G = Mean time per level.
                   A        B        C        D        E       F      G
               +--------+--------+--------+--------+--------+-----+--------+
         Total |   1006 |    989 |     17 |      0 |    793 |   2 |  503.0 |
       Dungeon |   1006 |    989 |     17 |      0 |    793 |   2 |  503.0 |
               +--------+--------+--------+--------+--------+-----+--------+

Top non-repeatable levels by time:
     D:1: 826 daAuts
     D:2: 179 daAuts
